 Dungeon Crawl Stone Soup version 0.27.1-34-g3ba077fa99 (webtiles) character file.

Game seed: 18057360619144746464

3297 Twinkles the Fighter (level 10, -18/76 HPs)
             Began as a Djinni Fire Elementalist on Dec 25, 2021.
             Was an Elder of Okawaru.
             Hit by a large rock thrown by a cyclops (34 damage)
             ... on level 7 of the Dungeon on Jan 15, 2022.
             The game lasted 01:22:37 (11988 turns).

Twinkles the Fighter (Djinni Fire Elementalist)    Turns: 11988, Time: 01:22:37

Health: -18/76     AC:  8    Str:  9    XL:     10   Next: 20%
Gold:   227        EV: 12    Int: 17    God:    Okawaru [****..] SH:  0 Dex: 15

rFire    + + +     SeeInvis .   a - +4 dagger (flame)
rCold    x . .     Faith    .   (no shield)
rNeg     . . .     Spirit   .   e - +3 ring mail
rPois    ∞         Reflect  .   (no helmet)
rElec    .         Harm     .   (no cloak)
rCorr    .         Rampage  .   (no gloves)
Will     +....                  (boots unavailable)
Stlth    +.........             (no amulet)
HPRegen  0.22/turn              G - ring of protection from fire
MPRegen  0.00/turn              (no ring)

@: flying
A: sickness immunity, fire resistance 2, cold vulnerability 1, float, innate
caster, hp casting, extra vitality 1
a: Renounce Religion, Heroism


You were on level 7 of the Dungeon.
You worshipped Okawaru.
Okawaru was greatly pleased with you.
You visited 1 branch of the dungeon, and saw 7 of its levels.

You collected 227 gold pieces.

Inventory:

Hand Weapons
 a - a +4 dagger of flaming (weapon)
 b - a +0 dagger of venom
 j - a +0 hunting sling
 y - a +1 dagger of flaming
 z - a +0 short sword of draining
Missiles
 d - 155 stones
 l - 84 sling bullets
 m - 23 poisoned darts
 o - 5 boomerangs
Armour
 c - a +0 leather armour
 e - a +3 ring mail (worn)
 f - a +2 kite shield
 h - a +0 robe
 n - a +0 buckler
 q - a +0 buckler
 D - a +0 buckler
Jewellery
 G - a ring of protection from fire (left hand)
Wands
 x - a wand of polymorph (10)
 C - a wand of flame (15)
Scrolls
 i - a scroll of holy word
 k - 2 scrolls of magic mapping
 p - a scroll of acquirement {unknown}
 r - a scroll of immolation {unknown}
 u - 2 scrolls of identify
 v - a scroll of vulnerability
 w - a scroll of fog {unknown}
 A - a scroll of amnesia {unknown}
 F - a scroll of enchant armour {unknown}
Potions
 g - 2 potions of brilliance
 s - a potion of curing
 t - a potion of magic {unknown}
 B - a potion of invisibility {unknown}
 E - 2 potions of heal wounds {unknown}


   Skills:
 - Level 8.2 Fighting
 - Level 0.2 Armour
 - Level 5.0 Dodging
 - Level 1.9 Stealth
 + Level 1.7 Shields
 * Level 7.4 Spellcasting
 - Level 3.4 Invocations


You couldn't memorise any spells.
You knew the following spells:

 Your Spells              Type           Power      Damage    Failure   Level
a - Foxfire               Conj/Fire      100%       2x1d9     1%          1
b - Conjure Flame         Conj/Fire      31%        6-21      4%          3
c - Inner Flame           Hex/Fire       31%        N/A       4%          3
d - Sticky Flame          Conj/Fire      31%        2d5       14%         4
e - Fireball              Conj/Fire      15%        3d8       36%         5
f - Sting                 Tmut/Pois      100%       1d8       1%          1
g - Ensorcelled Hibernat  Hex/Ice        62%        N/A       2%          2
h - Call Imp              Summ           31%        N/A       2%          2
i - Frozen Ramparts       Ice            62%        1d8       4%          3
Your spell library was empty.

Dungeon Overview and Level Annotations

Branches:
Dungeon (7/15)
 Temple: D:4-7

Altars:
Ashenzari
Cheibriados
Gozag
Nemelex Xobeh
Okawaru
Sif Muna
Vehumet
Xom
Yredelemnul

Annotations:
D:3 1 runed translucent door, Crazy Yiuf
D:6 1 runed translucent door, Kazon's ghost, novice OpBr


Innate Abilities, Weirdness & Mutations

You are immune to sickness and miasma.
You are immune to poison.
Your flesh is very heat resistant. (rF++)
You are vulnerable to cold. (rC-)
You float through the air rather than walking.
You learn spells naturally, not from books.
Your magical power is your life essence.
You have superior vitality. (+4 HP)


Message History

Aim: a cyclops, quivering large rocks (black smoke, heavily wounded, poisoned, ally target, 98% to hit)
The sting hits the cyclops but does no damage.
The cyclops looks even sicker.
The cyclops is heavily wounded.
Your crimson imp hits the cyclops but does no damage.
Casting: Sting (safe; 1% risk of failure)
Confirm with . or Enter, or press ? or * to list all spells.
Okay, then.
Casting: Sting (safe; 1% risk of failure)
Confirm with . or Enter, or press ? or * to list all spells.
Okay, then.
Unknown command.
Casting: Sting (safe; 1% risk of failure)
Confirm with . or Enter, or press ? or * to list all spells.
Aiming: Inner Flame (dangerous; 4% risk of failure)
Press: ? - help, Shift-Dir - straight line, f - crimson imp, p - cyclops
Aim: a crimson imp (lightly wounded, summoned, friendly, chance to affect: 73%)
Your crimson imp is filled with an inner flame.
Your crimson imp hits the cyclops but does no damage.
What are your orders? t - Shout!
Orders for allies: a - Attack new target. p - Attack previous target. r - Retreat! s - Stop attacking. g - Guard the area. f - Follow me.
Anything else - Cancel.
Gang up on whom?
Press: ? - help, Dir - move target, f - cyclops, p - crimson imp
Aim: a cyclops, quivering large rocks (heavily wounded, very poisoned, ally target) Attack!
Your crimson imp hits the cyclops but does no damage.
The cyclops throws a large rock.
The large rock hits you!!
* * * LOW HITPOINT WARNING * * *
Casting: Inner Flame (dangerous; 4% risk of failure)
Confirm with . or Enter, or press ? or * to list all spells.
A beastly little devil appears in a puff of frigid air.
* * * LOW HITPOINT WARNING * * *
Your crimson imp hits the cyclops but does no damage.
Your crimson imp hits the cyclops.
The cyclops throws a large rock.
The large rock hits you!!
You die...

..........).##......##..
.###+##
..........#.##.........#
#$)=$(
.........##.##.#.##...###
#####
.....#.####.##.#.##.....#
#..# .....#.#
#..#.#........# +..'
.......# ##.#..........##
#8.# ....#..#
#.#..>........######'#
....#..#
##....5.=..........C...
... #..#
#.....@..5.....####.###
##...........<.C.(...#
#.# ....#........#...#.#
#.# ....##.......######.#
#.# .... #....#..# #.#
..# ... ####.##.# ... ...
.. ..#### ... ... #.#
#........ #....


You could see a cyclops (poisoned, ally target), a friendly crimson imp
(summoned, inner flame) and a friendly white imp (summoned).

Vanquished Creatures
  Eustachio (D:5)
  A basilisk (D:7)
  Menkaure (D:4)
  Edmund (D:6)
  2 water moccasins
  Duvessa (D:5)
  An orc warrior (D:7)
  A black bear (D:4)
  2 sky beasts (D:6)
  2 necrophages (D:4)
  An ice beast (D:6)
  An ogre (D:5)
  A centaur (D:5)
  2 gnoll sergeants (D:6)
  2 scorpions
  A wyvern zombie (D:7)
  Dowan (D:5)
  A wyvern skeleton (D:7)
  A water moccasin skeleton (D:6)
  5 wights
  An electric eel (D:6)
  A bullfrog zombie (D:6)
  A human zombie (D:4)
  4 jellies
  3 centaur zombies
  2 bullfrog skeletons (D:5)
  An orc priest (D:4)
  2 centaur skeletons
  Jessica (D:3)
  A scorpion zombie (D:4)
  Natasha (thrice) (D:3)
  An iguana (D:5)
  An orc wizard (D:6)
  A hound zombie (D:4)
  A howler monkey zombie (D:4)
  8 gnolls (D:6)
  9 adders
  A river rat (D:3)
  A shadow imp (D:7)
  3 adder zombies (D:4)
  An adder skeleton (D:4)
  2 worms
  4 dart slugs
  8 orcs
  4 ball pythons
  10 endoplasms
  6 giant cockroaches
  4 goblins
  8 hobgoblins
  5 jackals
  5 quokkas
  6 bats
  3 frilled lizards
  3 kobolds
  5 rats
149 creatures vanquished.

Vanquished Creatures (collateral kills)
  A black bear (D:6)
  A phantom (D:5)
  A bullfrog zombie (D:6)
  An orc (D:6)
4 creatures vanquished.

Vanquished Creatures (others)
  240 foxfires
  A fungus (D:3)
  10 plants (D:6)
251 creatures vanquished.

Grand Total: 404 creatures vanquished

Notes
Turn   | Place    | Note
-------+----------+-------------------------------------------
     0 | D:1      | Twinkles the Djinni Fire Elementalist began the quest for
                  | the Orb.
     0 | D:1      | Reached XP level 1. HP: 15/15 MP: 0/0
   269 | D:1      | Reached XP level 2. HP: 20/21 MP: 0/0
  1282 | D:1      | Reached XP level 3. HP: 22/26 MP: 0/0
  1282 | D:1      | Learned a level 1 spell: Sting
  1617 | D:2      | Reached skill level 1 in Fighting
  1754 | D:2      | Found a faded altar of an unknown god.
  1758 | D:2      | Became a worshipper of Warmaster Okawaru
  1758 | D:2      | Reached * piety under Okawaru
  1858 | D:2      | Found a shimmering altar of Xom.
  1889 | D:2      | Reached XP level 4. HP: 31/32 MP: 0/0
  2350 | D:3      | Noticed Natasha
  2363 | D:3      | Killed Natasha
  2507 | D:3      | Reached XP level 5. HP: 9/38 MP: 0/0
  2507 | D:3      | Learned a level 2 spell: Ensorcelled Hibernation
  2526 | D:3      | Reached skill level 2 in Fighting
  2730 | D:3      | Reached skill level 1 in Invocations
  2964 | D:3      | Noticed Natasha
  2989 | D:3      | Killed Natasha
  3015 | D:3      | Noticed Jessica
  3382 | D:3      | Noticed Natasha
  3433 | D:3      | Killed Natasha
  3434 | D:3      | Reached XP level 6. HP: 31/45 MP: 0/0
  3603 | D:3      | Killed Jessica
  3809 | D:3      | Found a runed translucent door.
  3810 | D:3      | Noticed Crazy Yiuf
  4150 | D:4      | Noticed a black bear
  4197 | D:4      | Found a broken altar of Ashenzari.
  4215 | D:4      | Reached skill level 3 in Fighting
  4345 | D:4      | Reached ** piety under Okawaru
  4592 | D:4      | Noticed Menkaure
  4791 | D:4      | Killed Menkaure
  4792 | D:4      | Reached XP level 7. HP: 12/51 MP: 0/0
  4792 | D:4      | Learned a level 2 spell: Call Imp
  5698 | D:4      | Found a snail-covered altar of Cheibriados.
  5907 | D:4      | Reached skill level 4 in Fighting
  5957 | D:4      | Reached XP level 8. HP: 34/58 MP: 0/0
  6086 | D:4      | Found a basalt altar of Yredelemnul.
  6792 | D:5      | Entered Level 5 of the Dungeon
  6793 | D:5      | Upgraded the game from 0.27.1-33-g824d729ab1 to
                  | 0.27.1-34-g3ba077fa99
  6999 | D:5      | Reached *** piety under Okawaru
  7000 | D:5      | Reached skill level 5 in Fighting
  7311 | D:5      | Reached skill level 5 in Spellcasting
  7500 | D:5      | Noticed Eustachio
  7539 | D:5      | Killed Eustachio
  7963 | D:5      | Found an opulent altar of Gozag.
  7964 | D:5      | Found a sparkling altar of Nemelex Xobeh.
  7998 | D:5      | Noticed Duvessa
  7999 | D:5      | Noticed Dowan
  8003 | D:5      | Killed Duvessa
  8004 | D:5      | Reached skill level 5 in Dodging
  8004 | D:5      | Reached XP level 9. HP: 48/66 MP: 0/0
  8004 | D:5      | Learned a level 3 spell: Frozen Ramparts
  8023 | D:5      | Killed Dowan
  8024 | D:5      | Reached skill level 6 in Fighting
  9038 | D:6      | Found a runed translucent door.
  9076 | D:6      | Noticed Edmund
  9089 | D:6      | Killed Edmund
  9101 | D:6      | Reached **** piety under Okawaru
  9307 | D:6      | Reached skill level 7 in Fighting
  9488 | D:6      | HP: 1/68 [wight (6)]
 10286 | D:6      | Reached skill level 8 in Fighting
 10286 | D:6      | Reached XP level 10. HP: 71/76 MP: 0/0
 11033 | D:6      | Noticed Kazon's ghost (novice OpBr)
 11261 | D:7      | Found an iron altar of Okawaru.
 11542 | D:7      | Reached skill level 1 in Shields
 11937 | D:7      | Noticed a cyclops
 11988 | D:7      | Hit by a large rock thrown by a cyclops

Illustrated notes

Levels and vault maps discovered:
D:1:      dpeg_arrival_round_c, layout_basic
D:2:      layout_rooms, basic_altar, shapermc_ecumenical_altar_mp_vishouse
D:3:      layout_loops_ring, general_overflow_altar, portal_sewer_entry_a,
          st_stairs_9, uniq_crazy_yiuf_cottage, uniq_natasha, uniq_jessica
D:4:      layout_basic, nicolae_sif_muna_condensation,
          lemuel_mausoleum_altar_yredelemnul, mainiacjoe_overflow_tiny_flanked,
          ashenzari_altar_1, uniq_menkaure
D:5:      layout_loops_corners, grunt_temple_overflow_opulence,
          minmay_misc_feat_nine_boxes, kennysheep_generic_room_6,
          uniq_eustachio, uniq_duvessa
D:6:      layout_rooms, ebering_ghost_reflecting_pool, serial_bayou_pond_b,
          uniq_edmund
D:7:      minmay_chambers_of_sixes, layout_rooms, okawaru_ov_weapons_minmay,
          minmay_temple_entry_nine_rooms

Skill      XL: |  1  2  3  4  5  6  7  8  9 10 |
---------------+-------------------------------+-----
Fighting       | 1 2 3 4 5 8 |  8.2
Spellcasting   | 3 4 5 6 7 |  7.4
Dodging        | 3 4 5 |  5.0
Invocations    | 1 2 3 |  3.4
Shields        | 1 |  1.7
Armour         | |  0.2
Stealth        | |  1.9

Action                   |  1- 3 |  4- 6 |  7- 9 | 10-12 || total
-------------------------+-------+-------+-------+-------++-------
Melee: Flail             |     2 |       |       |       ||     2
       Dagger            |    43 |   101 |   209 |    15 ||   368
Throw: Dart              |       |     5 |     1 |     8 ||    14
       Boomerang         |       |       |     4 |       ||     4
 Cast: Foxfire           |    32 |    22 |    73 |     9 ||   136
       Sting             |     3 |    32 |    25 |    12 ||    72
       Call Imp          |       |       |    22 |     8 ||    30
       Inner Flame       |       |       |    10 |     1 ||    11
       Conjure Flame     |       |       |     4 |     1 ||     5
       Frozen Ramparts   |       |       |     5 |       ||     5
       Sticky Flame      |       |       |     4 |     5 ||     9
       Ensorcelled Hiber |       |       |     1 |       ||     1
  Use: Potion            |       |       |     3 |       ||     3
       Scroll            |       |       |     4 |     1 ||     5
 Stab: Sleeping          |     1 |       |       |       ||     1
       Distracted        |       |       |     1 |     1 ||     2
Armor: Ring mail         |    31 |    40 |   146 |     2 ||   219
Dodge: Dodged            |    35 |    67 |   187 |     6 ||   295
